 Dungeon Crawl Stone Soup version 0.27.1-34-g3ba077fa99 (webtiles) character file.

Game seed: 16241109509310323048

60 safid the Skirmisher (level 4, -6/40 HPs)
             Began as a Hill Orc Fighter on Feb 4, 2022.
             Was an Initiate of Beogh.
             Killed from afar by an orc wizard (9 damage)
             ... with a puff of flame
             ... on level 2 of the Dungeon.
             The game lasted 00:04:27 (2421 turns).

safid the Skirmisher (Hill Orc Fighter)             Turns: 2421, Time: 00:04:29

Health: -6/40      AC:  7    Str: 19    XL:     4   Next: 6%
Magic:  4/4        EV:  7    Int:  8    God:    Beogh [......]
Gold:   15         SH:  9    Dex: 10    Spells: 3/3 levels left

rFire    . . .     SeeInvis .   a - +0 war axe
rCold    . . .     Faith    .   c - +0 kite shield
rNeg     . . .     Spirit   .   b - +0 scale mail
rPois    +         Reflect  .   (no helmet)
rElec    .         Harm     .   (no cloak)
rCorr    .         Rampage  .   (no gloves)
Will     +....                  (no boots)
Stlth    ..........             (no amulet)
HPRegen  0.13/turn              h - ring of willpower
MPRegen  0.09/turn              i - ring of poison resistance

@: no status effects
A: no striking features
a: Renounce Religion


You were on level 2 of the Dungeon.
You worshipped Beogh.
Beogh was noncommittal.
You visited 1 branch of the dungeon, and saw 3 of its levels.

You collected 70 gold pieces.
You spent 55 gold pieces at shops.

Inventory:

Hand Weapons
 a - a +0 war axe (weapon)
Armour
 b - a +0 scale mail (worn)
 c - a +0 kite shield (worn)
Jewellery
 h - a ring of willpower (left hand)
 i - a ring of poison resistance (right hand)
Scrolls
 f - a scroll of blinking {unknown}
 j - a scroll of magic mapping {unknown}
 k - a scroll of acquirement {unknown}
 l - 2 scrolls of teleportation {unknown}
Potions
 d - a potion of might
 g - a potion of degeneration {unknown}


   Skills:
 - Level 4.0 Fighting
 + Level 3.7 Axes
 + Level 3.9 Armour
 + Level 4.0 Shields


You had 3 spell levels left.
You didn't know any spells.
Your spell library contained the following spells:

 Spells                   Type           Power      Damage    Failure   Level
 Slow                     Hex            0%         N/A       100%        2
 Confusing Touch          Hex            0%         N/A       100%        3
 Vampiric Draining        Necr           0%         2d6       100%        3


Dungeon Overview and Level Annotations

Branches:
Dungeon (3/15)

Altars:

Shops:
D:3 *


Message History

Something hits you but does no damage.
You closely miss something. You miss something. You closely miss the orc.
You hit the hobgoblin.
You kill the hobgoblin!
Beogh accepts your kill.
You hit the orc but do no damage.
Something hits you but does no damage. x2
The orc closely misses you. You block the orc's attack.
Something hits you but does no damage. x2; The orc hits you with a +0 whip.
* * * LOW HITPOINT WARNING * * *
Unknown command.
You miss something.
Your shield prevents you from hitting something.
You hit the orc. You barely miss the orc. You block the orc's attack.
Something hits you but does no damage. x2; Something hits you.
* * * LOW HITPOINT WARNING * * *
You block the orc's attack. The orc hits you but does no damage.
Something hits you but does no damage.
Something hits you but does no damage. x2
Something hits you.
* * * LOW HITPOINT WARNING * * *
Something hits you.
* * * LOW HITPOINT WARNING * * *
Unknown command.
You block something's attack.
You see here a bat skeleton.
There is a stone staircase leading up here.
A magic dart appears from out of thin air!
The magic dart hits you.
* * * LOW HITPOINT WARNING * * *
Something hits you but does no damage.
You climb upwards.
Reactivating autopickup.
There is a stone staircase leading down here.
You start resting.
You hear some strange, mumbled words.
A puff of flame appears from out of thin air!
Deactivating autopickup; reactivate with Ctrl-A.
The puff of flame hits you!
You die...
Beogh appreciates something's killing of a heretic priest.

.###### [.....# ..###.#
..# #.# ##### ..###.#
#...# ......# #...#
..###.#####...####
..###.##.........#
................@#
#####)##.......{.#
##########
......#####...####
#...>....# #####.#
#...# #.######.# # #.#
#...#######.# #.# # #.#
##.###......######.####
# #.###
#.###.#######.........
# #...# #.....#
#.###.#### # ###.#
####..# #.# #.####


There were no monsters in sight!

Vanquished Creatures
  An adder (D:2)
  2 worms (D:2)
  A dart slug (D:1)
  An orc (D:3)
  5 endoplasms (D:1)
  2 giant cockroaches
  A goblin (D:1)
  2 hobgoblins
  3 jackals (D:1)
  4 kobolds
  4 ball pythons
  6 bats
  4 frilled lizards
  7 rats
43 creatures vanquished.

Vanquished Creatures (others)
  2 orcs (D:3)
  2 endoplasms (D:3)
4 creatures vanquished.

Grand Total: 47 creatures vanquished

Notes
Turn   | Place    | Note
-------+----------+-------------------------------------------
     0 | D:1      | safid the Hill Orc Fighter began the quest for the Orb.
     0 | D:1      | Reached XP level 1. HP: 19/19 MP: 1/1
   322 | D:1      | Reached XP level 2. HP: 22/27 MP: 2/2
  1015 | D:1      | Reached XP level 3. HP: 33/33 MP: 3/3
  2083 | D:3      | Found Zeam's General Store.
  2086 | D:3      | Reached XP level 4. HP: 40/40 MP: 4/4
  2097 | D:3      | Bought a potion of heal wounds for 55 gold pieces
  2103 | D:3      | Became a worshipper of Beogh the Brigand
  2122 | D:3      | HP: 2/40 [something/puff of flame (5)]
  2421 | D:2      | Killed from afar by an orc wizard

Illustrated notes

Levels and vault maps discovered:
D:1:      lightli_arrival_quake, layout_loops_cross,
          chequers_serial_rivers_small_3, corexii_item_surrounded_by_moat
D:2:      cheibrodos_helix_gallery, layout_loops_ring
D:3:      layout_rooms, mainiacjoe_overflow_boulevard, serial_shops,
          shop_fountains, uniq_natasha, uniq_jessica

Skill      XL: |  1  2  3 |
---------------+----------+-----
Axes           | 3 |  3.7
Fighting       | 4 |  4.0
Shields        | 4 |  4.0
Armour         | |  3.9

Action                   |  1- 3 |  4- 6 || total
-------------------------+-------+-------++-------
Melee: War axe           |   109 |    30 ||   139
Invok: Convert to Beogh  |       |     1 ||     1
  Use: Potion            |       |     2 ||     2
Armor: Scale mail        |    60 |    41 ||   101
Dodge: Dodged            |    55 |     9 ||    64
Block: Kite shield       |    71 |    22 ||    93
